 Dungeon Crawl Stone Soup version 0.29.1-2-gbd0b4ee654 (webtiles) character file.

Game seed: 10988101588679289329

9 Araneus the Grave Robber (level 2, -1/19 HPs)
             Began as a Mummy Necromancer on Nov 29, 2022.
             Slain by an adder (4 damage)
             ... on level 2 of the Dungeon.
             The game lasted 00:03:22 (500 turns).

Araneus the Grave Robber (Mummy Necromancer)         Turns: 500, Time: 00:03:23

Health: -1/19      AC:  2    Str: 11    XL:     2   Next: 3%
Magic:  2/5        EV: 12    Int: 14    God:
Gold:   44         SH:  0    Dex: 12    Spells: 5/6 levels left

rFire   x . .      SeeInvis .   d - +0 whip
rCold   + . .      Faith    .   (no shield)
rNeg    + + +      Spirit   .   a - +0 robe
rPois   ∞          Reflect  .   (no helmet)
rElec   .          Harm     .   (no cloak)
rCorr   .          Rampage  .   (no gloves)
Will    .....                   (no boots)
Stlth   ++........              (no amulet)
HPRegen 0.06/turn               (no ring)
MPRegen 0.09/turn               (no ring)

@: no status effects
A: cold resistance 1, negative energy resistance 3, torment resistance 2, heat
vulnerability 1, no potions
a: no special abilities


You were on level 2 of the Dungeon.
You visited 1 branch of the dungeon, and saw 2 of its levels.

You collected 44 gold pieces.

Inventory:

Hand Weapons
 d - a +0 whip (weapon)
Armour
 a - a +0 robe (worn)
Scrolls
 b - a scroll of poison {unknown}
 c - a scroll of amnesia {unknown}


   Skills:
 * Level 1.7 Dodging
 - Level 1.5 Stealth
 + Level 2.7 Spellcasting
 * Level 4.3 Necromancy


You had 5 spell levels left.
You knew the following spells:

 Your Spells              Type           Power      Damage    Failure   Level
a - Necrotise             Necr           56%        1d6       3%          1

Your spell library contained the following spells:

 Spells                   Type           Power      Damage    Failure   Level
 Vampiric Draining        Necr           14%        2d7       11%         3
 Blink                    Tloc           2%         N/A       32%         2
 Animate Dead             Necr           14%        N/A       36%         4
 Agony                    Necr           14%        N/A       71%         5
 Manifold Assault         Tloc           1%         N/A       99%         5
 Storm Form               Tmut/Air       Unusable   N/A       N/A         7

Dungeon Overview and Level Annotations

Branches:
Dungeon (2/15)

Altars:
Okawaru


Innate Abilities, Weirdness & Mutations

You are immune to poison.
Your flesh is cold resistant. (rC+)
You are immune to negative energy. (rN+++)
You are immune to unholy pain and torment.
You are vulnerable to heat. (rF-)
You do not drink.


Message History

Press: ? - help, Shift-Dir - straight line, f/p - adder
Aim: an adder (moderately wounded, chance to affect: 78%)
The adder writhes in agony.
The adder barely misses you.
A kobold comes into view. It is wielding a +0 club.
The giant cockroach misses you.
Casting: Necrotise (safe; 3% risk of failure)
Confirm with . or Enter, or press ? or * to list all spells.
Aiming: Necrotise (safe; 3% risk of failure)
Press: ? - help, Shift-Dir - straight line, f/p - adder
Aim: an adder (heavily wounded, chance to affect: 78%)
The adder barely resists.
The kobold shouts!
The adder bites you. The giant cockroach bites you. The adder bites you.
The giant cockroach attacks as you move away!
The giant cockroach barely misses you. The adder attacks as you move away!
The adder bites you but does no damage. The giant cockroach misses you.
The adder barely misses you. The adder attacks as you move away!
The adder bites you. The adder attacks as you move away!
The adder barely misses you.
The giant cockroach attacks as you move away!
The giant cockroach bites you. The adder attacks as you move away!
The adder bites you. The adder attacks as you move away!
The adder closely misses you. The adder attacks as you move away!
The adder misses you.
Casting: Necrotise (safe; 3% risk of failure)
Confirm with . or Enter, or press ? or * to list all spells.
Okay, then.
You miss the adder.
The adder is heavily wounded.
The adder bites you.
* * * LOW HITPOINT WARNING * * *
The adder bites you.
* * * LOW HITPOINT WARNING * * *
Casting: Necrotise (safe; 3% risk of failure)
Confirm with . or Enter, or press ? or * to list all spells.
Aiming: Necrotise (safe; 3% risk of failure)
Press: ? - help, Shift-Dir - straight line, f/p - adder
Aim: an adder (heavily wounded, chance to affect: 78%)
The adder writhes in agony.
The adder bites you.
You die...

#......# #.####.# #.# #.#
#.# #.#
####################.####.#
..........(....(....>.....#
################.###.######
#.# #.# #@# #.####### #S#
#(#.....#
######B###.#.###.#
#.....S...<..# #.#
###......#.#######.#
#######..........# #.....#
...............### #.#####
...............#####.#
.......K.............####


You could see 2 adders and a giant cockroach.

Vanquished Creatures
  An endoplasm (D:2)
  A goblin (D:1)
  A hobgoblin (D:2)
  A kobold (D:2)
  A quokka (D:1)
  2 rats
7 creatures vanquished.

Vanquished Creatures (collateral kills)
  A rat (D:1)
1 creature vanquished.

Grand Total: 8 creatures vanquished

Notes
Turn   | Place    | Note
-------+----------+-------------------------------------------
     0 | D:1      | Araneus the Mummy Necromancer began the quest for the Orb.
     0 | D:1      | Reached XP level 1. HP: 13/13 MP: 4/4
   205 | D:1      | You fall into a shaft and drop 1 floor!
   294 | D:2      | Reached XP level 2. HP: 14/19 MP: 1/5
   472 | D:2      | Found an iron altar of Okawaru.
   500 | D:2      | Slain by an adder

Illustrated notes

Levels and vault maps discovered:
D:1:      minmay_arrival_loop, layout_rooms, minmay_misc_feat_tiny
D:2:      layout_basic, basic_altar

Action                   || total
-------------------------++-------
Melee: Unarmed           ||     3
       Whip              ||     3
 Cast: Necrotise         ||    16
 Stab: Sleeping          ||     1
Armor: Robe              ||     5
Dodge: Dodged            ||    11
